Map: [ESL] Site Delta

Players

Firefly - Winner!

  • Race: Protoss Protoss
  • Spawn Location: 11:00

Kelazhur

  • Race: Terran Terran
  • Spawn Location: 5:00

Event: IEM Katowice 2024

VOD

Have the link to the VOD?

Description

Time

  • Played on: Feb. 10, 2024, 8:03 a.m.
  • Length: 7:41

All games in this series

Show
View Real Time Build Order
Export as new Build Order

Firefly Protoss - Winner!

Build Orders: 1 Gate Expand 

Get SALT Encoding   

  12  0:00  Probe  
  13  0:12  Probe  
  14  0:19  Pylon  
  14  0:24  Probe  
  15  0:37  Probe (Chrono Boost)  
  15  0:39  Gateway  
  16  0:48  Assimilator  
  16  0:49  Probe (Chrono Boost)  
  17  0:54  Probe (Chrono Boost)  
  18  1:04  Probe  
  19  1:16  Probe  
  20  1:26  Cybernetics Core  
  20  1:27  Zealot  
  22  1:44  Nexus  
  22  2:00  Pylon  
  22  2:01  Probe  
  23  2:03  Assimilator  
  23  2:06  Shield Battery  
  22  2:15  Stalker (Chrono Boost)  
  22  2:16  Warp Gate  
  24  2:24  Shield Battery  
  24  2:36  Stalker (Chrono Boost)  
  26  2:44  Shield Battery  
  26  2:47  Shield Battery  
  26  2:53  Probe  
  28  2:59  Stalker (Chrono Boost)  
  28  3:19  Probe  
  28  3:20  Probe  
  28  3:22  Sentry  
  31  3:28  Pylon  
  31  3:31  Probe  
  31  3:32  Probe  
  33  3:43  Probe  
  33  3:44  Probe  
  35  3:48  Gateway  
  35  3:55  Robotics Facility, Probe  
  35  3:58  Probe  
  33  4:10  Stalker  
  33  4:11  Probe x2  
  37  4:23  Probe x2  
  39  4:26  Shield Battery  
  39  4:36  Stalker  
  41  4:40  Probe  
  41  4:42  Probe  
  41  4:43  Zealot  
  41  4:44  Assimilator  
  41  4:45  Warp Prism (Chrono Boost)  
  45  4:47  Assimilator  
  47  4:53  Probe  
  47  4:54  Probe  
  47  4:57  Shield Battery  
  49  5:01  Stalker  
  49  5:05  Probe  
  49  5:06  Probe  
  53  5:17  Pylon  
  53  5:23  Probe  
  54  5:32  Immortal (Chrono Boost)  
  54  5:35  Probe  
  59  5:39  Stalker  
  59  5:41  Stalker  
  61  5:51  Gateway, Probe  
  61  5:53  Cybernetics Core  
  61  5:55  Pylon  
  62  6:05  Probe  
  61  6:19  Zealot x2  
  61  6:24  Immortal (Chrono Boost)  
  69  6:36  Pylon  
  69  6:38  Pylon  
  69  6:48  Gateway  
  69  6:50  Pylon  
  69  6:53  Pylon  
  69  6:54  Immortal (Chrono Boost), Stalker x2  
  69  6:56  Stalker  
  79  7:02  Twilight Council  
  79  7:10  Gateway  
  79  7:17  Nexus  
  79  7:21  Sentry x3  
  85  7:24  Probe x2  
  85  7:29  Assimilator  
Show
View Real Time Build Order
Export as new Build Order

Kelazhur Terran 

Build Orders:  

Get SALT Encoding   

  12  0:00  SCV  
  13  0:13  SCV  
  14  0:17  Supply Depot  
  14  0:25  SCV  
  15  0:42  Barracks  
  15  0:43  Refinery  
  15  0:58  Barracks  
  15  0:59  SCV  
  16  1:11  SCV  
  17  1:23  SCV  
  18  1:29  Barracks Tech Lab  
  18  1:35  Orbital Command, Supply Depot  
  18  1:48  Marauder  
  18  1:49  Barracks Tech Lab  
  20  1:56  Concussive Shells  
  20  2:06  SCV  
  21  2:09  Marauder  
  23  2:21  Marauder  
  25  2:24  SCV  
  26  2:30  Marauder  
  26  2:32  Engineering Bay  
  28  2:40  SCV  
  28  2:43  Marauder  
  29  2:51  Marauder  
  31  3:03  Supply Depot  
  31  3:17  Marauder  
  31  3:22  Supply Depot  
  31  3:23  Refinery  
  31  3:25  Marauder, SCV  
  34  3:37  SCV  
  34  3:39  Marauder  
  37  3:46  Marauder  
  39  3:49  SCV  
  39  3:52  Stimpack  
  40  4:00  Marauder  
  40  4:01  SCV  
  41  4:09  Marauder  
  37  4:19  SCV  
  37  4:22  Marauder  
  42  4:31  Marauder  
  42  4:34  SCV  
  39  4:43  Command Center, Marauder  
  43  4:52  Marauder  
  43  4:53  Factory  
  43  4:56  Supply Depot, SCV  
  44  5:04  Marauder  
  46  5:08  SCV  
  47  5:18  Marauder  
  47  5:20  SCV  
  50  5:26  Marauder  
  52  5:45  Marauder  
  52  5:48  Marauder  
  52  5:49  SCV  
  53  5:53  Starport  
  53  5:55  Orbital Command  
  53  5:57  Factory Reactor  
  53  6:01  SCV  
  54  6:06  Marauder  
  48  6:13  SCV  
  48  6:15  Marauder  
  41  6:25  SCV x2  
  41  6:35  Viking, Bunker  
  41  6:36  Cyclone  
  41  6:37  SCV  
  41  6:38  SCV  
  51  6:49  SCV  
  51  6:50  Barracks, SCV  
  49  6:58  Barracks  
  49  7:00  Cyclone  
  51  7:01  SCV  
  51  7:04  SCV  
  51  7:05  Bunker  
  51  7:07  Viking  
  51  7:08  Cyclone  
  57  7:14  SCV  
  58  7:18  SCV  
  58  7:22  Supply Depot  
  59  7:26  SCV  

Tags
 
Add a new tag
Caveats
  • Supply blocks, unpowered buildings, or Contaminate may cause inaccurate times.
  • Supply counts are checked every 10 seconds.